 Dungeon Crawl Stone Soup version 0.29-a0-294-g83ea962da3 (webtiles) character file.

Game seed: 676156368089228742

158 Leszczynek the Chopper (level 5, -2/38 HPs)
             Began as a Human Gladiator on Mar 18, 2022.
             Was an Initiate of Cheibriados.
             Slain by a kobold brigand
             ... wielding a +3 short sword
              (7 damage)
             ... on level 4 of the Dungeon.
             The game lasted 00:08:44 (1361 turns).

Leszczynek the Chopper (Human Gladiator)            Turns: 1361, Time: 00:08:44

Health: -2/38      AC:  6    Str: 18    XL:     5   Next: 66%
Magic:  5/5        EV: 12    Int:  9    God:    Cheibriados [......]
Gold:   96         SH:  0    Dex: 15    Spells: 4/4 levels left

rFire   . . .      SeeInvis .   a - +0 war axe
rCold   . . .      Faith    .   (no shield)
rNeg    + . .      Spirit   .   k - +0 ring mail
rPois   .          Reflect  .   c - +0 helmet
rElec   .          Harm     .   (no cloak)
rCorr   .          Rampage  .   (no gloves)
Will    .....                   (no boots)
Stlth   +.........              (no amulet)
HPRegen 0.12/turn               j - ring of positive energy
MPRegen 0.09/turn               (no ring)

@: very slow
A: no striking features
a: Renounce Religion


You were on level 4 of the Dungeon.
You worshipped Cheibriados.
Cheibriados was noncommittal.
You visited 1 branch of the dungeon, and saw 4 of its levels.

You collected 96 gold pieces.

Inventory:

Hand Weapons
 a - a +0 war axe (weapon)
Missiles
 e - a javelin (quivered)
 g - 6 poisoned darts
Armour
 b - a +0 leather armour
 c - a +0 helmet (worn)
 d - a +0 chain mail
 k - a +0 ring mail (worn)
Jewellery
 j - a ring of positive energy (left hand)
Scrolls
 f - 2 scrolls of teleportation
 i - a scroll of vulnerability {unknown}
 l - a scroll of amnesia {unknown}
 n - a scroll of brand weapon {unknown}
 o - a scroll of immolation {unknown}


   Skills:
 - Level 2.0 Fighting
 + Level 5.9 Axes
 - Level 2.0 Throwing
 - Level 3.0 Dodging


You had 4 spell levels left.
You didn't know any spells.
Your spell library contained the following spells:

 Spells                   Type           Power      Damage    Failure   Level
 Freeze                   Ice            0%         1d3       58%         1
 Blink                    Tloc           0%         N/A       73%         2
 Frozen Ramparts          Ice            0%         1d2       91%         3
 Hailstorm                Conj/Ice       0%         3d3       100%        4
 Manifold Assault         Tloc           0%         N/A       100%        5
 Storm Form               Tmut/Air       0%         N/A       100%        7


Dungeon Overview and Level Annotations

Branches:
Dungeon (4/15)
 Temple: D:4-7

Altars:
Cheibriados
Ru
Vehumet

Annotations:
D:4 Eustachio, Pikel


Message History

The kobold brigand barely misses you.
The kobold brigand hits you with a +3 short sword.
You miss the kobold brigand.
The kobold brigand is heavily wounded.
The kobold brigand barely misses you.
You completely miss the kobold brigand.
The kobold brigand is heavily wounded.
The kobold brigand misses you.
It was a potion of magic.
Magic courses through your body. The kobold brigand misses you.
You closely miss the kobold brigand.
The kobold brigand is heavily wounded.
The kobold brigand barely misses you.
You closely miss the kobold brigand.
The kobold brigand is heavily wounded.
The kobold brigand closely misses you.
You closely miss the kobold brigand.
The kobold brigand is heavily wounded.
The kobold brigand barely misses you. x2
You hit the kobold brigand but do no damage.
The kobold brigand is heavily wounded.
The kobold brigand hits you but does no damage.
You hit the kobold brigand.
The kobold brigand is heavily wounded.
The kobold brigand hits you with a +3 short sword!
* * * LOW HITPOINT WARNING * * *
You hit the kobold brigand.
The kobold brigand is severely wounded.
The kobold brigand barely misses you.
You miss the kobold brigand.
The kobold brigand is heavily wounded.
The kobold brigand hits you with a +3 short sword.
* * * LOW HITPOINT WARNING * * *
You slash the kobold brigand!
The kobold brigand is almost dead.
The kobold brigand misses you. The kobold brigand closely misses you.
You barely miss the kobold brigand.
The kobold brigand is almost dead.
The kobold brigand hits you with a +3 short sword!
You die...

##### ###...#
#.....#
#..K..#########
#.....#@....#....#
..#....#.....#....#
.....#####...'....#
..#.. #..####### K
#. ....#..# #
##...#..# #....#..#
## #....#..# #.
#....#..# #.


You could see a kobold brigand.

Vanquished Creatures
  Terence (D:2)
  An orc wizard (D:3)
  A gnoll (D:1)
  4 adders
  A worm (D:4)
  2 orcs (D:3)
  4 endoplasms
  5 giant cockroaches (D:1)
  4 goblins
  6 hobgoblins
  4 jackals
  2 quokkas
  4 ball pythons
  4 bats
  2 frilled lizards (D:1)
  8 kobolds
  3 rats
56 creatures vanquished.

Notes
Turn   | Place    | Note
-------+----------+-------------------------------------------
     0 | D:1      | Leszczynek the Human Gladiator began the quest for the Orb.
     0 | D:1      | Reached XP level 1. HP: 16/16 MP: 1/1
   104 | D:1      | Reached XP level 2. HP: 14/22 MP: 2/2
   243 | D:1      | Reached skill level 4 in Axes
   243 | D:1      | Reached XP level 3. HP: 23/27 MP: 3/3
   470 | D:2      | Reached XP level 4. HP: 23/33 MP: 4/4
   579 | D:3      | Reached skill level 5 in Axes
   676 | D:4      | HP: 6/33 [poisoned by an adder]
   862 | D:4      | Found a snail-covered altar of Cheibriados.
   874 | D:4      | Became a worshipper of Cheibriados the Contemplative
   878 | D:3      | Found a radiant altar of Vehumet.
   879 | D:3      | Found a sacrificial altar of Ru.
   942 | D:3      | Reached XP level 5. HP: 24/38 MP: 5/5
   963 | D:2      | Noticed Terence
   973 | D:2      | Killed Terence
  1108 | D:4      | Noticed Pikel
  1108 | D:4      | Noticed a lemure
  1108 | D:4      | Noticed a lemure
  1108 | D:4      | Noticed a lemure
  1108 | D:4      | Noticed a lemure
  1178 | D:4      | Noticed Eustachio
  1333 | D:4      | Noticed a kobold brigand
  1334 | D:4      | are you kidding me
  1334 | D:4      | d4 brigand
  1357 | D:4      | HP: 6/38 [kobold brigand/+3 short sword (9)]
  1361 | D:4      | Slain by a kobold brigand

Illustrated notes

##### ###...#
#.....#
#..@..#########
#.....#.....#....#
..#....#.....#....#
.....#####...'....#
..#.. #..####### K
#. ....#..# #
##...#..# #....#..#
# #....#..# #


Turn 1334 on D:4: are you kidding me

Levels and vault maps discovered:
D:1:      noname_arrival_rooms_in_the_neighbourhood, layout_basic
D:2:      layout_loops_ring, shapermc_ecumenical_altar_mp_highgroup,
          uniq_terence
D:3:      layout_basic, mainiacjoe_overflow_divided_tiny
D:4:      layout_gridville, grunt_temple_overflow_gold_and_silver,
          chei_slow_surprise, hangedman_decor_push, uniq_duvessa, uniq_pikel,
          uniq_eustachio

Skill      XL: |  1  2  3  4 |
---------------+-------------+-----
Axes           | 4 5 |  5.9
Fighting       | |  2.0
Throwing       | |  2.0
Dodging        | |  3.0

Action                   |  1- 3 |  4- 6 || total
-------------------------+-------+-------++-------
Melee: War axe           |    73 |    78 ||   151
Throw: Throwing net      |     1 |     7 ||     8
       Dart              |       |     2 ||     2
  Use: Scroll            |     1 |       ||     1
       Potion            |       |     1 ||     1
 Stab: Held in net/web   |     1 |     1 ||     2
       Sleeping          |       |     1 ||     1
Armor: Leather armour    |    24 |     6 ||    30
       Ring mail         |       |    11 ||    11
Dodge: Dodged            |    41 |    38 ||    79

Table legend: (Time is in decaauts)
 A = Elapsed time spent in this place.
 B = Non-inter-level travel time spent in this place.
 C = Inter-level travel time spent in this place.
 D = Time resting spent in this place.
 E = Time spent auto-exploring this place.
 F = Levels seen in this place.
 G = Mean time per level.
                   A        B        C        D        E       F      G
               +--------+--------+--------+--------+--------+-----+--------+
         Total |   1542 |   1474 |     68 |      5 |      0 |   4 |  385.5 |
       Dungeon |   1542 |   1474 |     68 |      5 |      0 |   4 |  385.5 |
               +--------+--------+--------+--------+--------+-----+--------+

Top non-repeatable levels by time:
     D:3: 575 daAuts
     D:1: 474 daAuts
     D:4: 333 daAuts
     D:2: 158 daAuts
